 Dungeon Crawl Stone Soup version 0.16.2-12-gd0ad4c3 (webtiles) character file.

74111 faibistes the Eclecticist (level 15, -7/82 HPs)
             Began as a Deep Elf Wizard on Dec 15, 2018.
             Was a High Priest of Sif Muna.
             Mangled by an orc warrior
             ... wielding a cursed -1 short sword
              (26 damage)
             ... on level 4 of the Orcish Mines on Dec 16, 2018.
             The game lasted 02:14:23 (41445 turns).

faibistes the Eclecticist (Deep Elf Wizard)        Turns: 41445, Time: 02:14:25

Health: -7/82      AC: 12    Str:  6    XL:     15   Next: 5%
Magic:  43/48      EV: 17    Int: 30    God:    Sif Muna [*****.]
Gold:   618        SH:  0    Dex: 13    Spells: 11 memorised, 4 levels left

rFire  . . .     SeeInvis .     A - staff of conjuration
rCold  + . .     Clarity  .     V - +2 robe {MR+}
rNeg   . . .     SustAb   .     (no shield)
rPois  +         Gourm    .     c - +1 hat
rElec  .         Spirit   .     T - +2 cloak {rPois}
rCorr  .         Warding  .     Q - +2 pair of gloves
rMut   .         Stasis   .     U - +0 pair of boots
MR     ++...                    (no amulet)
Stlth  ++........               D - ring of wizardry
                                O - ring of magical power

@: deflect missiles, very resistant to hostile enchantments, unstealthy
A: cold resistance 1, strong 1
a: Channel Energy, Forget Spell, Renounce Religion


You were on level 4 of the Orcish Mines.
You worshipped Sif Muna.
Sif Muna was extremely pleased with you.
You were not hungry.

You visited 4 branches of the dungeon, and saw 26 of its levels.
You also visited: Ossuary.

You collected 2326 gold pieces.
You spent 1708 gold pieces at shops.

Inventory:

Hand weapons
 q - a +4 dagger of protection
 I - the +7 rapier "Griuxtem" {venom, +Rage MR+}
   (You bought it in a shop on level 7 of the Dungeon)

   It poisons the flesh of those it strikes.
   It affects your resistance to hostile enchantments.
   It lets you go berserk.
Armour
 c - a +1 hat (worn)
 Q - a +2 pair of gloves (worn)
 T - a +2 cloak of poison resistance (worn)
 U - a +0 pair of boots (worn)
 V - a +2 robe of magic resistance (worn)
Magical staves
 A - an uncursed staff of conjuration (weapon)
Rods
 R - a +1 rod of destruction (14/14)
   (You found it on level 8 of the Dungeon)
Jewellery
 k - an uncursed ring of invisibility
 x - an uncursed ring of see invisible
 C - an uncursed ring of positive energy
 D - a ring of wizardry (right hand)
 H - an uncursed ring of ice
 K - an uncursed ring of flight
 O - a ring of magical power (left hand)
Magical devices
 e - a wand of draining (6)
 r - a wand of invisibility (6)
 J - a wand of cold (3)
 N - a wand of confusion (26)
 P - a wand of digging (4)
 W - a wand of slowing (15)
 Y - a wand of digging (18)
Scrolls
 h - a scroll of immolation
 l - 13 scrolls of remove curse
 t - 4 scrolls of identify
 u - 5 scrolls of magic mapping
 B - a scroll of holy word
 E - 2 scrolls of recharging
 L - a scroll of fog
Potions
 b - a potion of cure mutation
 g - 4 potions of berserk rage
 i - 13 potions of curing
 j - 3 potions of flight
 o - 4 potions of heal wounds
 p - 3 potions of might
 s - 3 potions of cancellation
 v - 4 potions of haste
 w - 2 potions of resistance
 F - 2 potions of magic
 G - 3 potions of agility
 M - a potion of brilliance
 S - a potion of ambrosia
Comestibles
 a - 9 royal jellies
 d - 13 bread rations
 f - 18 beef jerkies
 n - 4 slices of pizza
 z - 10 meat rations
 Z - 2 poisonous chunks of flesh


   Skills:
 + Level 5.4 Fighting
 + Level 9.9 Dodging
 - Level 2.4 Stealth
 * Level 15.0 Spellcasting
 + Level 10.1 Conjurations
 + Level 10.0 Charms
 - Level 1.1 Summonings
 - Level 7.0 Translocations
 - Level 3.0 Transmutations
 + Level 9.4 Fire Magic
 - Level 7.0 Air Magic
 * Level 8.5 Earth Magic
 - Level 3.0 Poison Magic
 - Level 10.1 Invocations
 + Level 8.4 Evocations


You had 4 spell levels left.
You knew the following spells:

 Your Spells              Type           Power        Failure   Level  Hunger
a - Magic Dart            Conj           ####         1%          1    None
b - Conjure Flame         Conj/Fire      #######.     1%          3    None
c - Summon Lightning Spi  Summ/Air       #####...     1%          4    None
d - Blink                 Tloc           N/A          1%          2    None
e - Mephitic Cloud        Conj/Pois/Air  #######.     1%          3    None
f - Deflect Missiles      Chrm/Air       ######....   4%          6    ###....
i - Iskenderun's Battles  Conj/Chrm      #######.     1%          5    None
j - Passwall              Trmt/Erth      ######....   1%          3    None
v - Bolt of Fire          Conj/Fire      #######...   3%          6    ###....
x - Dazzling Spray        Conj/Hex       ######..     1%          3    None
z - Iskenderun's Mystic   Conj           #######.     1%          4    None


Dungeon Overview and Level Annotations

Branches:
Dungeon (13/15)            Temple (1/1) D:6            Lair (8/8) D:8
  Swamp (0/5) Lair:4        Snake (0/5) Lair:4        Slime (0/6) Lair:6
    Orc (4/4) D:12            Elf (0/3) Orc:3
 Vaults: D:13-14

Altars:
Ashenzari
Cheibriados
Dithmenos
Elyvilon
Fedhas
Gozag
Kikubaaqudgha
Makhleb
Nemelex Xobeh
Okawaru
Qazlal
Ru
Sif Muna
Trog
Vehumet
Xom
Yredelemnul
Zin
The Shining One
Jiyva

Shops:
D:5 :   D:7 (   Orc:1 :   Orc:4 %


Innate Abilities, Weirdness & Mutations

Your flesh is cold resistant.
Your muscles are strong. (Str +2)


Message History

The orc warrior closely misses you.
The orc priest mumbles some strange prayers to Beogh against you.
Something smites you!
An orc warrior and an orc priest come into view.
The orc priest shouts!
An orc priest comes into view. It is wielding a mace.
The orc knight roars a battlecry!
The orc priest's eyes start to glow.
The orc priest moves out of view.
You see here a tomahawk.
The orc warrior misses you.
The orc priest calls down the wrath of Beogh upon you.
Something smites you!
The orc priest calls down the wrath of Beogh upon you.
Something smites you!
* * * LOW HITPOINT WARNING * * *
The orc knight roars a battlecry!
The orcs go into a battle-frenzy!
The orc warrior hits you with an enchanted short sword!!
You die...

##..o#oooo##
#∩.#..oo.#
#.....#.o##
#...oo##
#...#.o.o##
##....#.o.##
##....oooo##
##..###oo.##
##.. ##oo@#
##. ##.oo# #
##.#.#
##...# #.##
##


You could see an orc knight, 5 orc warriors, 4 orc priests and 5 orcs.

Vanquished Creatures
  Rupert (Lair:6)
  Gastronok (Lair:3)
  Snorg (Lair:3)
  Josephine (D:10)
  Harold (D:10)
  The ghost of faibistes the Thaumaturge, a powerful DEWz of Sif Muna (Lair:4)
  5 hydras
  A centaur warrior (D:12)
  A catoblepas (Lair:8)
  10 death yaks
  The ghost of faibistes the Thaumaturge, an experienced DEWz of Sif Muna (D:12)
  Pikel (D:10)
  An orc knight (Orc:1)
  A griffon (Lair:5)
  A hill giant (D:10)
  2 manticores
  25 elephants
  Maurice (D:8)
  7 black mambas
  A gargoyle (D:11)
  8 spiny frogs
  Psyche (D:8)
  8 komodo dragons
  3 trolls
  A fire drake (Lair:4)
  7 polar bears
  4 slime creatures (D:12)
  A two-headed ogre (D:7)
  10 blink frogs
  2 basilisks
  13 spriggans
  3 tarantellas (Orc:2)
  4 redbacks (Lair:8)
  9 hippogriffs
  4 wraiths (D:10)
  5 wyverns
  37 yaks
  31 wolves
  5 vampire mosquitoes
  2 wargs
  11 water moccasins
  4 slaves (D:8)
  16 orc warriors
  3 ice beasts
  4 black bears (Lair:8)
  A spider (Orc:2)
  8 necrophages
  9 ogres
  7 wasps
  A swamp drake (D:12)
  6 sky beasts
  2 phantoms
  20 porcupines
  A boring beetle (D:8)
  13 crocodiles
  Sigmund (D:7)
  A brain worm (D:8)
  8 centaurs
  24 giant frogs
  6 scorpions
  A wyvern skeleton (D:9)
  9 killer bees
  3 giant frog zombies
  3 centaur zombies
  3 goliath beetles
  3 crimson imps
  30 orc wizards
  A quasit (D:10)
  13 hounds
  3 giant frog skeletons
  16 orc priests
  A jelly (D:11)
  8 worker ants
  13 iguanas
  13 sheep
  A big kobold zombie (Ossuary)
  6 mummies
  Terence (D:2)
  2 hound skeletons
  5 gnolls
  83 river rats
  4 shadow imps
  22 adders
  A white imp (D:12)
  A worm (D:3)
  3 adder skeletons
  4 giant geckos
  146 orcs
  3 ball pythons
  13 bats
  A bat skeleton (D:4)
  3 gnoll zombies (Ossuary)
  17 goblins
  15 hobgoblins
  22 jackals
  5 quokkas
  7 giant cockroaches
  A giant gecko skeleton (D:6)
  10 giant newts
  3 giant spores
  2 goblin zombies (Ossuary)
  2 hobgoblin zombies (Ossuary)
  16 kobolds
  2 kobold zombies (Ossuary)
  An orc zombie (Ossuary)
  A quokka skeleton (D:6)
  A quokka zombie (D:9)
  18 rats
  A rat zombie (Ossuary)
  16 ballistomycetes
  A bush (D:9)
  3 fungi
  6 plants
937 creatures vanquished.

Vanquished Creatures (collateral kills)
  A death yak (Lair:8)
  A spiny frog (Lair:8)
  A water moccasin (D:10)
  A wolf (Lair:8)
  A porcupine (Lair:8)
  An adder (Lair:8)
  6 orcs
  3 jackals (D:2)
  A goblin (Orc:3)
  2 butterflies (Lair:8)
18 creatures vanquished.

Vanquished Creatures (others)
  4 lightning spires
  An orc priest (Orc:4)
  2 giant spores
  42 fungi
  22 plants
71 creatures vanquished.

Grand Total: 1026 creatures vanquished

Notes
Turn   | Place    | Note
--------------------------------------------------------------
     0 | D:1      | faibistes, the Deep Elf Wizard, began the quest for the Orb.
     0 | D:1      | Reached XP level 1. HP: 10/10 MP: 6/6
   395 | D:2      | Found a shadowy altar of Dithmenos.
   410 | D:2      | Reached XP level 2. HP: 15/15 MP: 5/10
   414 | D:2      | Learned a level 2 spell: Blink
   417 | D:2      | Learned a level 2 spell: Call Imp
   632 | D:1      | Reached skill level 5 in Spellcasting
  1126 | D:1      | Reached XP level 3. HP: 19/19 MP: 11/14
  1131 | D:1      | Learned a level 3 spell: Conjure Flame
  1135 | D:1      | Learned a level 3 spell: Mephitic Cloud
  2143 | D:2      | Found a blossoming altar of Fedhas.
  2253 | D:2      | Noticed Terence
  2285 | D:2      | Killed Terence
  2300 | D:2      | Learned a level 2 spell: Repel Missiles
  2531 | D:2      | Reached XP level 4. HP: 24/24 MP: 14/17
  2683 | D:2      | Found a deep blue altar of Sif Muna.
  2689 | D:2      | Became a worshipper of Sif Muna the Loreminder
  3192 | D:2      | Reached skill level 6 in Spellcasting
  3192 | D:2      | Reached XP level 5. HP: 26/28 MP: 8/20
  3337 | D:5      | Entered Level 5 of the Dungeon
  3489 | D:3      | Found a snail-covered altar of Cheibriados.
  3841 | D:3      | Reached XP level 6. HP: 29/32 MP: 15/22
  4359 | D:4      | Noticed an ogre
  4368 | D:4      | Killed an ogre
  4368 | D:4      | Acquired Sif Muna's first power
  4368 | D:4      | Reached skill level 7 in Spellcasting
  4667 | D:4      | Found a stormy altar of Qazlal.
  4859 | D:4      | Found a blossoming altar of Fedhas.
  4990 | D:4      | Found a bloodstained altar of Trog.
  5236 | D:4      | Reached skill level 1 in Fire Magic
  5301 | D:4      | Reached skill level 1 in Air Magic
  5301 | D:4      | Reached XP level 7. HP: 19/36 MP: 5/25
  5907 | D:4      | Noticed an ogre
  5917 | D:4      | Killed an ogre
  5917 | D:4      | Reached skill level 1 in Poison Magic
  6383 | D:5      | Found Rutit's Book Shoppe.
  6387 | D:5      | Reached skill level 5 in Dodging
  6487 | D:5      | Reached skill level 8 in Spellcasting
  6493 | D:5      | Noticed a necrophage
  6524 | D:5      | Killed a necrophage
  6524 | D:5      | Acquired Sif Muna's second power
  6524 | D:5      | Reached XP level 8. HP: 41/41 MP: 5/27
  6732 | D:5      | Noticed an ogre
  6738 | D:5      | Killed an ogre
  7162 | D:6      | Found a sacrificial altar of Ru.
  7585 | D:7      | Found a sand-covered staircase.
  7590 | Ossuary  | Entered an ossuary
  8118 | D:6      | Found a sparkling altar of Nemelex Xobeh.
  8119 | D:6      | Found an opulent altar of Gozag.
  8397 | D:6      | Found a staircase to the Ecumenical Temple.
  8403 | Temple   | Entered the Ecumenical Temple
  8505 | D:7      | Found a staircase to the Ecumenical Temple.
  9182 | D:7      | Reached skill level 9 in Spellcasting
  9182 | D:7      | Reached skill level 5 in Conjurations
  9255 | D:7      | Found Etar Amp's Antique Weapon Shop.
  9599 | D:5      | Bought a book of Air for 385 gold pieces
  9605 | D:5      | Learned a level 5 spell: Lightning Bolt
  9608 | D:5      | Learned a level 2 spell: Swiftness
  9804 | D:7      | Noticed Sigmund
  9817 | D:7      | Killed Sigmund
  9926 | D:8      | Found a staircase to the Lair.
 10166 | D:7      | Reached XP level 9. HP: 45/45 MP: 22/29
 10534 | D:7      | Reached skill level 1 in Charms
 10534 | D:7      | Reached skill level 1 in Invocations
 10727 | D:7      | Noticed a two-headed ogre
 10734 | D:7      | Killed a two-headed ogre
 10734 | D:7      | Reached skill level 5 in Fire Magic
 11181 | D:8      | Found a basalt altar of Yredelemnul.
 11374 | D:8      | Reached skill level 1 in Evocations
 11685 | D:10     | Entered Level 10 of the Dungeon
 11754 | D:8      | Identified a +1 rod of destruction (14/14) (You found it on level 8 of the Dungeon)
 12000 | D:8      | Noticed Psyche
 12005 | D:8      | Noticed Maurice
 12007 | D:8      | Killed Psyche
 12007 | D:8      | Acquired Sif Muna's third power
 12007 | D:8      | Reached skill level 10 in Spellcasting
 12007 | D:8      | Reached skill level 5 in Air Magic
 12028 | D:8      | Killed Maurice
 12166 | D:8      | Found a white marble altar of Elyvilon.
 12449 | D:8      | Reached skill level 1 in Fighting
 13130 | D:9      | Noticed an eight-headed hydra
 13138 | D:9      | Killed an eight-headed hydra
 13138 | D:9      | Reached XP level 10. HP: 29/52 MP: 21/31
 14241 | D:9      | Found a glowing silver altar of Zin.
 14307 | D:9      | Got a pitted buckler
 14313 | D:9      | Identified the cursed -1 buckler of Phamamn Suax {MR+} (You found it on level 9 of the Dungeon)
 14486 | D:10     | Noticed a hill giant
 14496 | D:10     | Killed a hill giant
 14612 | D:10     | Identified Agunkobb's Guide on Bewitching Summoning
 14998 | D:10     | Noticed Harold
 15005 | D:10     | Killed Harold
 15005 | D:10     | Reached skill level 11 in Spellcasting
 15377 | D:11     | Noticed Pikel
 15644 | D:10     | Killed Pikel
 15644 | D:10     | Reached skill level 5 in Invocations
 15794 | D:11     | Reached XP level 11. HP: 57/57 MP: 25/33
 15857 | D:11     | Learned a level 1 spell: Beastly Appendage
 16244 | D:7      | Bought a sapphire rapier for 333 gold pieces
 16244 | D:7      | Identified the +7 rapier "Griuxtem" {venom, +Rage MR+} (You bought it in a shop on level 7 of the Dungeon)
 16715 | D:10     | Noticed Josephine
 16733 | D:10     | Killed Josephine
 16733 | D:10     | Reached skill level 1 in Transmutations
 18885 | D:13     | Noticed a centaur warrior
 18889 | D:13     | Reached skill level 5 in Charms
 18986 | D:12     | Killed a centaur warrior
 19663 | D:12     | Found a staircase to the Orcish Mines.
 20095 | D:12     | Noticed faibistes' ghost (experienced DEWz)
 20111 | D:12     | Killed faibistes' ghost
 20196 | D:12     | Found a shadowy altar of Dithmenos.
 20310 | D:12     | Reached XP level 12. HP: 64/64 MP: 29/34
 20352 | D:12     | Reached skill level 12 in Spellcasting
 20503 | D:12     | Learned a level 4 spell: Leda's Liquefaction
 20791 | D:12     | Reached skill level 5 in Translocations
 20816 | D:12     | Reached skill level 1 in Earth Magic
 21164 | Lair:1   | Entered Level 1 of the Lair of Beasts
 21615 | Lair:1   | Reached skill level 5 in Evocations
 22438 | Lair:2   | Received a gift from Sif Muna
 22439 | Lair:2   | Identified Aruatidu's Compendium of Self-Improvement and Clay (Sif Muna gifted it to you on level 2 of the Lair of Beasts)
 22444 | Lair:2   | Learned a level 3 spell: Passwall
 24334 | Lair:3   | Noticed Gastronok
 24384 | Lair:3   | Killed Gastronok
 25404 | Lair:4   | Noticed faibistes' ghost (powerful DEWz)
 25414 | Lair:4   | Noticed a six-headed hydra
 25420 | Lair:4   | Killed a six-headed hydra
 25455 | Lair:3   | Noticed Snorg
 25464 | Lair:3   | Killed Snorg
 25637 | Lair:4   | Killed faibistes' ghost
 25637 | Lair:4   | Reached XP level 13. HP: 64/70 MP: 14/36
 25802 | Lair:3   | Reached skill level 13 in Spellcasting
 26094 | Lair:3   | Learned a level 4 spell: Iskenderun's Mystic Blast
 26100 | Lair:3   | Learned a level 5 spell: Iskenderun's Battlesphere
 26137 | Lair:2   | Learned a level 3 spell: Dazzling Spray
 26467 | Lair:4   | Found a staircase to the Snake Pit.
 27495 | Lair:4   | Found a staircase to the Swamp.
 27553 | Lair:4   | Identified a scroll of acquirement
 29216 | Lair:5   | Reached skill level 5 in Earth Magic
 30471 | Lair:7   | Gained mutation: Your flesh is cold resistant. [potion of beneficial mutation]
 30501 | Lair:6   | Noticed Rupert
 30503 | Lair:6   | Paralysed by Rupert for 2 turns
 30518 | Lair:6   | Killed Rupert
 30518 | Lair:6   | Received a gift from Sif Muna
 30519 | Lair:6   | Identified Sif Muna's Disquisition on Excruciating Feathers (Sif Muna gifted it to you on level 6 of the Lair of Beasts)
 30858 | Lair:2   | Learned a level 6 spell: Deflect Missiles
 30868 | Lair:2   | Learned a level 4 spell: Summon Lightning Spire
 31336 | Lair:6   | Found a staircase to the Slime Pits.
 31336 | Lair:6   | Found a viscous altar of Jiyva.
 32368 | Lair:7   | Reached XP level 14. HP: 76/76 MP: 9/37
 32566 | Lair:8   | Entered Level 8 of the Lair of Beasts
 32582 | Lair:7   | Reached skill level 14 in Spellcasting
 34502 | Lair:8   | Reached skill level 5 in Fighting
 35272 | Lair:8   | Reached skill level 10 in Invocations
 35294 | Lair:8   | Received a gift from Sif Muna
 35295 | Lair:8   | Identified Sif Muna's Grimoire of Translocation and Enhancements (Sif Muna gifted it to you on level 8 of the Lair of Beasts)
 36163 | Lair:8   | Lost strength.
 36260 | Lair:8   | Reached skill level 10 in Conjurations
 37345 | Lair:8   | Gained mutation: Your muscles are strong. (Str +2) [potion of beneficial mutation]
 37764 | Orc:1    | Entered Level 1 of the Orcish Mines
 37925 | Orc:1    | Reached skill level 10 in Charms
 38167 | Orc:3    | Reached XP level 15. HP: 73/82 MP: 26/39
 38279 | Orc:3    | Found a staircase to the Elven Halls.
 38316 | Orc:4    | Entered Level 4 of the Orcish Mines
 38710 | Orc:1    | Reached skill level 15 in Spellcasting
 38861 | Orc:1    | Found Harphaegu's Book Shop.
 39296 | D:5      | Bought a book of the Dragon for 990 gold pieces
 39436 | Lair:2   | Learned a level 6 spell: Bolt of Fire
 41433 | Orc:3    | You fall through a shaft!
 41437 | Orc:4    | Found Shueduvi's Food Shop.
 41445 | Orc:4    | Mangled by an orc warrior

Action                   |  1- 3 |  4- 6 |  7- 9 | 10-12 | 13-15 || total
-------------------------+-------+-------+-------+-------+-------++-------
Melee: Unarmed           |     1 |       |       |       |       ||     1
       Dagger            |    29 |     4 |   152 |    48 |       ||   233
       Rapier            |       |       |       |   228 |    29 ||   257
       Staff             |       |       |       |       |     9 ||     9
 Cast: Magic Dart        |    97 |   188 |   441 |   625 |   426 ||  1777
       Call Imp          |     3 |       |       |     2 |       ||     5
       Mephitic Cloud    |     1 |     7 |    32 |    35 |     3 ||    78
       Repel Missiles    |     1 |     2 |       |     2 |       ||     5
       Conjure Flame     |     1 |       |    59 |    99 |    71 ||   230
       Blink             |       |     4 |    13 |    15 |    18 ||    50
       Lightning Bolt    |       |       |     6 |   113 |   125 ||   244
       Iskenderun's Myst |       |       |       |       |   148 ||   148
       Iskenderun's Batt |       |       |       |       |    80 ||    80
       Dazzling Spray    |       |       |       |       |    18 ||    18
       Summon Lightning  |       |       |       |       |    10 ||    10
       Deflect Missiles  |       |       |       |       |     2 ||     2
       Passwall          |       |       |       |       |     1 ||     1
       Bolt of Fire      |       |       |       |       |     7 ||     7
Invok: Channel Energy    |       |       |    15 |    25 |    46 ||    86
       Forget Spell      |       |       |       |       |     4 ||     4
Evoke: Wand              |       |       |     1 |     3 |     3 ||     7
  Use: Scroll            |       |     8 |    13 |    12 |    20 ||    53
       Potion            |       |     1 |     1 |     3 |     7 ||    12
 Stab: Confused          |     1 |       |     1 |     7 |     1 ||    10
       Sleeping          |       |     1 |     1 |       |       ||     2
  Eat: Chunk             |     5 |     8 |    22 |    28 |    45 ||   108
       Fruit             |       |       |     5 |    16 |    11 ||    32
       Pizza             |       |       |       |     4 |       ||     4
       Beef jerky        |       |       |       |       |     1 ||     1
